 Dungeon Crawl Stone Soup version 0.30-a0-283-gf371ce1921 (webtiles) character file.

Game seed: 7005847882145081954

26504 Ijustatesigmund the Covert (level 13, -3/234 HPs)
             Began as a Gnoll Fighter on Oct 14, 2022.
             Was a High Priest of Cheibriados.
             Slain by a vault guard
             ... wielding a +1 great sword of flaming
              (4 damage)
             ... on level 13 of the Dungeon on Oct 17, 2022.
             The game lasted 00:22:37 (15319 turns).

Ijustatesigmund the Covert (Gnoll Fighter)         Turns: 15319, Time: 00:22:37

Health: -3/234     AC: 30    Str: 31    XL:     13   Next: 26%
Magic:  13/25      EV:  2    Int: 21    God:    Cheibriados [*****.]
Gold:   220        SH: 15    Dex: 24    Spells: 28/28 levels left

rFire   x . .      SeeInvis +    G - +4 trident of the Heavens {holy, rPois}
rCold   + . .      Faith    .    J - +1 kite shield
rNeg    . . .      Spirit   .    (body armour currently unavailable)
rPois   +          Reflect  .    (helmet currently unavailable)
rElec   .          Harm     .    (cloak currently unavailable)
rCorr   .          Rampage  .    (gloves currently unavailable)
Will    .....      NoTele   +    (boots currently unavailable)
Stlth   ..........               (no amulet)
HPRegen 0.59/turn                w - +4 ring of protection
MPRegen 0.19/turn                l - ring of Poann {Ice Slay+6 SInv}

@: berserking, tree-form, slowed, studying Stealth, very slow
A: stationary, stasis, torment immunity, boosted hp, (fangs 1), strong nose,
distributed training
a: Renounce Religion, Bend Time, Temporal Distortion, Slouch, Step From Time


You were on level 13 of the Dungeon.
You worshipped Cheibriados.
Cheibriados was extremely pleased with you.
You were a tree.
You visited 2 branches of the dungeon, and saw 15 of its levels.

You collected 948 gold pieces.
You spent 728 gold pieces at shops.

Inventory:

Hand Weapons
 a - a +0 vorpal war axe
 G - the +4 trident of the Heavens (weapon) {holy, rPois}
   (You took it off a spriggan on level 9 of the Dungeon)

   It has been blessed by the Shining One to cause great damage to the undead
   and demons.
   rPois:     It protects you from poison.
Missiles
 y - a throwing net (quivered)
Armour
 b - a +0 scale mail (melded)
 h - a +2 helmet (melded)
 k - a +1 pair of boots (melded)
 n - a +1 pair of gloves (melded)
 x - a +1 cloak
 J - a +1 kite shield (worn)
 L - a scarf of resistance (melded)
Jewellery
 l - the ring of Poann (right branch) {Ice Slay+6 SInv}
   (You acquired it on level 5 of the Dungeon)

   [ring of ice]

   It enhances your ice magic.
   Slay:      It affects your accuracy & damage with ranged weapons and melee
   (+6).
   rF:        It makes you vulnerable to fire.
   rC:        It protects you from cold.
   SInv:      It lets you see invisible.
 r - an amulet of guardian spirit
 w - a +4 ring of protection (left branch)
 A - a ring of flight
 K - a ring of see invisible
 M - an amulet of magic regeneration
 N - a +4 ring of protection
Wands
 f - a wand of iceblast (3)
 u - a wand of digging (5)
Scrolls
 c - a scroll of silence
 e - 4 scrolls of teleportation
 m - 2 scrolls of amnesia
 o - 3 scrolls of poison
 v - 5 scrolls of magic mapping
 z - 2 scrolls of vulnerability
 E - a scroll of immolation
 F - 4 scrolls of identify
 H - a scroll of fog
Potions
 d - 3 potions of might
 g - 2 potions of magic
 i - a potion of mutation
 j - 4 potions of brilliance
 p - 2 potions of lignification
 q - 2 potions of curing
 s - 5 potions of flight
 B - 2 potions of ambrosia
 D - a potion of haste
 I - 2 potions of attraction
Miscellaneous
 O - a condenser vane (inert)


   Skills:
 + Level 10.7 Fighting
 + Level 8.4 Short Blades
 + Level 8.4 Long Blades
 + Level 9.6 Axes
 + Level 8.4 Maces & Flails
 + Level 8.4 Polearms
 + Level 8.4 Staves
 + Level 8.4 Ranged Weapons
 + Level 8.4 Throwing
 + Level 10.7 Armour
 + Level 8.4 Dodging
 + Level 11.4 Stealth
 + Level 10.7 Shields
 + Level 8.4 Unarmed Combat
 + Level 8.4 Spellcasting
 + Level 7.0 Conjurations
 + Level 7.0 Hexes
 + Level 7.0 Summonings
 + Level 7.0 Necromancy
 + Level 7.0 Translocations
 + Level 7.0 Transmutations
 + Level 7.0 Fire Magic
 + Level 7.0 Ice Magic
 + Level 7.0 Air Magic
 + Level 7.0 Earth Magic
 + Level 7.0 Poison Magic
 + Level 9.2 Invocations
 + Level 8.4 Evocations


You had 28 spell levels left.
You didn't know any spells.
Your spell library contained the following spells:

 Spells                   Type           Power      Damage    Failure   Level
 Beastly Appendage        Tmut           76%        N/A       1%          1
 Freeze                   Ice            100%       1d10      1%          1
 Wereblood                Tmut           38%        N/A       1%          2
 Spider Form              Tmut/Pois      38%        N/A       2%          3
 Summon Forest            Summ/Tloc      19%        N/A       26%         5
 Eringya's Noxious Bog    Tmut/Pois      19%        N/A       80%         6
 Summon Hydra             Summ           19%        N/A       100%        7


Dungeon Overview and Level Annotations

Branches:
Dungeon (14/15)            Temple (1/1) D:6            Lair (0/5) D:11
    Orc (0/2) D:9          Vaults (0/5) D:14

Altars:
Ashenzari
Cheibriados
Dithmenos
Elyvilon
Fedhas
Gozag
Hepliaklqana
Kikubaaqudgha
Makhleb
Nemelex Xobeh
Okawaru
Qazlal
Ru
Sif Muna
Trog
Uskayaw
Vehumet
Wu Jian
Xom
Yredelemnul
Zin
The Shining One

Shops:
D:3 *   D:6 *   D:11 [   D:13 :

Annotations:
D:14 1 runed translucent door


Innate Abilities, Weirdness & Mutations

You are a tree.
Your roots penetrate the ground, keeping you stationary.
You cannot be teleported.
You are immune to unholy pain and torment.
Your maximum health is greatly increased.
Your equipment is partially melded.
((You have very sharp teeth.))
Your uncanny sense of smell can sniff out nearby items.
Your experience applies equally to all skills.


Message History

* * * LOW HITPOINT WARNING * * *
You block the death drake's attack. A mysterious force pulls you upwards.
The hatch slams shut behind you.
Activating: Slouch (3% risk of failure)
Press: ? - help, Dir - look around, f - activate You can feel time thicken for a moment.
You destroy the wraith!
Cheibriados appreciates the change of pace.
Cheibriados lowers the support of your attributes as your movement quickens.
You block the death drake's attack. The slime creature hits you.
* * * LOW HITPOINT WARNING * * *
You block the death drake's attack. The slime creature hits you!
* * * LOW HITPOINT WARNING * * *
The vault guard hits you but does no damage.
You feel better. You block the death drake's attack.
You block the slime creature's attack. The vault guard misses you.
The death drake bites you but does no damage.
Really quaff the potion of lignification?
You turn into a tree.
Your scarf of resistance melds into your body.
Your +2 helmet melds into your body.
Your +1 pair of gloves melds into your body.
Your +1 pair of boots melds into your body.
Your +0 scale mail melds into your body.
You feel hot and cold all over.
Your roots penetrate the ground.
You block the death drake's attack. You block the slime creature's attack.
You block the vault guard's attack. The death drake bites you.
* * * LOW HITPOINT WARNING * * *
The slime creature hits you but does no damage.
The vault guard hits you but does no damage.
A red film seems to cover your vision as you go berserk!
Cheibriados forces you to slow down.
You feel mighty!
The death drake bites you but does no damage.
The slime creature hits you.
* * * LOW HITPOINT WARNING * * *
The vault guard hits you with a +1 great sword of flaming!!
* * * LOW HITPOINT WARNING * * *
The vault guard burns you.
You die...

#.....# #.
##'########## #.
#.....#.....# ##'
#####.#.###.####..
#.....#.#...'.##..
#.###.#.#.###.##..
#.#...#...#.#..#..
#J#####.###.##.'..
#♣k.....#...####..
#p#########.# #..
#...........# #..
#######'##### ##'
#..# #. ######'##
## #.......# ####
#.......# #...
#.......### #...


You could see a death drake, a vault guard and a slime creature.

Vanquished Creatures
  Nessos (D:13)
  A hydra (D:12)
  2 two-headed ogres
  2 centaur warriors (D:14)
  A boulder beetle (D:11)
  A death yak (D:10)
  The ghost of hotpinklipstick the Nimble, a novice OpDe of Uskayaw (D:9)
  Nergalle (D:11)
  5 skeletal warriors (D:12)
  Pikel (D:9)
  2 deep elf pyromancers (D:14)
  A manticore (D:12)
  A wolf spider (D:14)
  3 cyclopes
  An elephant (D:10)
  2 gargoyles
  Joseph (D:7)
  A komodo dragon (D:12)
  An efreet (D:14)
  2 freezing wraiths (D:14)
  2 trolls
  6 slime creatures (D:12)
  A hornet (D:10)
  3 shadows
  3 spriggans (D:9)
  A vampire (D:11)
  5 wraiths
  2 basilisks
  14 yaks
  A wyvern (D:8)
  4 fire bats (D:8)
  2 steam dragons (D:9)
  3 vampire mosquitoes (D:13)
  An acid dragon (D:8)
  A water moccasin (D:9)
  A hell hound (D:8)
  Duvessa (D:6)
  A black bear (D:4)
  A swamp drake (D:9)
  4 orc warriors
  A sky beast (D:7)
  A wolf (D:9)
  5 centaurs
  An ogre (D:5)
  A bullfrog (D:8)
  5 kobold brigands
  2 gnoll sergeants
  Blork the orc (D:6)
  4 scorpions
  3 necrophages
  8 wights
  Dowan (D:6)
  A troll skeleton (D:9)
  13 killer bees
  6 spriggan skeletons (D:9)
  9 howler monkeys
  5 orc priests
  2 jellies
  Natasha (twice) (D:2)
  2 iguanas
  12 orc wizards
  19 gnolls
  10 adders
  3 white imps
  2 ufetubi
  A worm (D:2)
  2 dart slugs
  36 orcs
  9 ball pythons
  7 endoplasms
  A giant cockroach (D:2)
  4 hobgoblins
  5 jackals
  31 kobolds
  4 quokkas
  5 bats
  7 frilled lizards
  5 goblins
  2 rats
  A fire vortex (D:8)
327 creatures vanquished.

Vanquished Creatures (others)
  A fire vortex (D:8)
  A fungus (D:9)
  10 plants
12 creatures vanquished.

Grand Total: 339 creatures vanquished

Notes
Turn   | Place    | Note
-------+----------+-------------------------------------------
     0 | D:1      | Ijustatesigmund the Gnoll Fighter began the quest for the
                  | Orb.
     0 | D:1      | Reached XP level 1. HP: 23/23 MP: 1/1
   229 | D:1      | Reached XP level 2. HP: 29/29 MP: 2/2
   671 | D:1      | You fall into a shaft and drop 1 floor!
   726 | D:2      | Reached XP level 3. HP: 35/35 MP: 3/3
   879 | D:2      | Reached skill level 1 in Invocations
  1298 | D:2      | Reached skill level 1 in Short Blades
  1298 | D:2      | Reached skill level 1 in Long Blades
  1298 | D:2      | Reached skill level 1 in Maces & Flails
  1298 | D:2      | Reached skill level 1 in Polearms
  1298 | D:2      | Reached skill level 1 in Staves
  1298 | D:2      | Reached skill level 1 in Ranged Weapons
  1298 | D:2      | Reached skill level 1 in Throwing
  1298 | D:2      | Reached skill level 1 in Dodging
  1298 | D:2      | Reached skill level 1 in Stealth
  1298 | D:2      | Reached skill level 1 in Unarmed Combat
  1298 | D:2      | Reached skill level 1 in Spellcasting
  1298 | D:2      | Reached skill level 1 in Evocations
  1397 | D:2      | Noticed Natasha
  1404 | D:2      | Killed Natasha
  1405 | D:2      | Reached skill level 1 in Conjurations
  1405 | D:2      | Reached skill level 1 in Hexes
  1405 | D:2      | Reached skill level 1 in Summonings
  1405 | D:2      | Reached skill level 1 in Necromancy
  1405 | D:2      | Reached skill level 1 in Translocations
  1405 | D:2      | Reached skill level 1 in Transmutations
  1405 | D:2      | Reached skill level 1 in Fire Magic
  1405 | D:2      | Reached skill level 1 in Ice Magic
  1405 | D:2      | Reached skill level 1 in Air Magic
  1405 | D:2      | Reached skill level 1 in Earth Magic
  1405 | D:2      | Reached skill level 1 in Poison Magic
  1405 | D:2      | Reached XP level 4. HP: 33/41 MP: 5/5
  1927 | D:2      | Noticed Natasha
  1934 | D:2      | Killed Natasha
  2195 | D:3      | Reached XP level 5. HP: 45/47 MP: 7/7
  2207 | D:3      | Found Yrioxten's Assorted Antiques.
  2222 | D:3      | Bought a scroll labelled QODUZA ONUSCH for 27 gold pieces
  2222 | D:3      | Bought a scroll labelled ACAGUAMIDE for 27 gold pieces
  3026 | D:4      | Noticed a black bear
  3040 | D:4      | Killed a black bear
  3041 | D:4      | Reached skill level 5 in Axes
  3041 | D:4      | Reached XP level 6. HP: 37/53 MP: 8/8
  3116 | D:4      | Reached skill level 2 in Stealth
  3153 | D:4      | Found a sparkling altar of Nemelex Xobeh.
  3573 | D:4      | Reached XP level 7. HP: 57/60 MP: 10/10
  3953 | D:5      | Entered Level 5 of the Dungeon
  4064 | D:5      | Identified a scroll of acquirement
  4064 | D:5      | Acquired the ring of Poann {Ice Slay+6 SInv}
  4708 | D:6      | Noticed Duvessa
  4708 | D:6      | Noticed Dowan
  4708 | D:6      | Noticed Blork the orc
  4714 | D:6      | Killed Duvessa
  4715 | D:6      | Reached skill level 3 in Stealth
  4715 | D:6      | Reached XP level 8. HP: 60/67 MP: 12/12
  4715 | D:6      | Killed Dowan
  4720 | D:6      | Killed Blork the orc
  4783 | D:6      | Found Seaseoz's Assorted Antiques.
  4786 | D:6      | Bought a green potion for 26 gold pieces
  4786 | D:6      | Bought a scroll labelled YKALAO EQAISCH for 29 gold pieces
  4786 | D:6      | Bought a smoky amethyst potion for 26 gold pieces
  5169 | D:6      | Found a hazy altar of Hepliaklqana.
  5224 | D:6      | Found a staircase to the Ecumenical Temple.
  5398 | D:6      | Found a burning altar of Makhleb.
  5398 | D:6      | Found an iron altar of Okawaru.
  5403 | D:6      | Found an ancient bone altar of Kikubaaqudgha.
  5649 | D:6      | Reached skill level 4 in Stealth
  5685 | Temple   | Entered the Ecumenical Temple
  5971 | Temple   | Became a worshipper of Cheibriados the Contemplative
  6064 | D:7      | Found a stormy altar of Qazlal.
  6105 | D:7      | Noticed Joseph
  6109 | D:7      | Reached XP level 9. HP: 60/73 MP: 14/14
  6126 | D:7      | Killed Joseph
  6127 | D:7      | Reached skill level 5 in Stealth
  6546 | D:7      | Reached * piety under Cheibriados
  6910 | D:7      | Reached skill level 5 in Invocations
  7209 | D:8      | Reached skill level 6 in Stealth
  7216 | D:8      | Reached skill level 5 in Short Blades
  7216 | D:8      | Reached skill level 5 in Long Blades
  7216 | D:8      | Reached skill level 5 in Maces & Flails
  7216 | D:8      | Reached skill level 5 in Polearms
  7216 | D:8      | Reached skill level 5 in Staves
  7216 | D:8      | Reached skill level 5 in Ranged Weapons
  7216 | D:8      | Reached skill level 5 in Throwing
  7216 | D:8      | Reached skill level 5 in Dodging
  7216 | D:8      | Reached skill level 5 in Unarmed Combat
  7216 | D:8      | Reached skill level 5 in Spellcasting
  7216 | D:8      | Reached skill level 5 in Evocations
  7216 | D:8      | Reached XP level 10. HP: 81/81 MP: 17/17
  7573 | D:8      | Reached ** piety under Cheibriados
  7728 | D:8      | Found a sacrificial altar of Ru.
  8076 | D:9      | Reached skill level 7 in Stealth
  8650 | D:9      | Reached *** piety under Cheibriados
  8781 | D:9      | Noticed Pikel
  8787 | D:9      | Killed Pikel
  8886 | D:9      | Noticed hotpinklipstick's ghost (novice OpDe)
  8887 | D:9      | Found a runed translucent door.
  8888 | D:9      | Identified the +4 trident of the Heavens {holy, rPois}
  9123 | D:9      | Reached skill level 5 in Conjurations
  9123 | D:9      | Reached skill level 5 in Hexes
  9123 | D:9      | Reached skill level 5 in Summonings
  9123 | D:9      | Reached skill level 5 in Necromancy
  9123 | D:9      | Reached skill level 5 in Translocations
  9123 | D:9      | Reached skill level 5 in Transmutations
  9123 | D:9      | Reached skill level 5 in Fire Magic
  9123 | D:9      | Reached skill level 5 in Ice Magic
  9123 | D:9      | Reached skill level 5 in Air Magic
  9123 | D:9      | Reached skill level 5 in Earth Magic
  9123 | D:9      | Reached skill level 5 in Poison Magic
  9123 | D:9      | Reached XP level 11. HP: 54/89 MP: 20/20
  9138 | D:9      | Reached **** piety under Cheibriados
  9236 | D:9      | Found a staircase to the Orcish Mines.
  9251 | D:9      | Reached skill level 8 in Stealth
  9818 | D:9      | Upgraded the game from 0.30-a0-266-g2b27a225a3 to
                  | 0.30-a0-283-gf371ce1921
  9825 | D:9      | Killed hotpinklipstick's ghost
 10063 | D:10     | Entered Level 10 of the Dungeon
 10479 | D:10     | Found a shimmering blue altar of Sif Muna.
 10521 | D:10     | Got Sif Muna's Anthology of Hoarfrost
 10566 | D:11     | Noticed a death yak
 10582 | D:11     | Noticed Nergalle
 10599 | D:11     | Killed Nergalle
 11086 | D:10     | Reached skill level 9 in Stealth
 11135 | D:10     | Reached ***** piety under Cheibriados
 11511 | D:11     | Noticed a two-headed ogre
 11526 | D:10     | Killed a two-headed ogre
 11550 | D:10     | Killed a death yak
 11551 | D:10     | Reached XP level 12. HP: 33/97 MP: 22/22
 11973 | D:11     | Found Jiom's Armour Emporium.
 12003 | D:11     | Found a staircase to the Lair.
 12393 | D:11     | Noticed a boulder beetle
 12452 | D:11     | Killed a boulder beetle
 12645 | D:12     | Reached skill level 10 in Stealth
 12651 | D:12     | Reached skill level 10 in Fighting
 12651 | D:12     | Reached skill level 10 in Armour
 12651 | D:12     | Reached skill level 10 in Shields
 13033 | D:11     | Bought a scarf of resistance for 448 gold pieces
 13173 | D:6      | Bought a dented ruby amulet for 145 gold pieces
 13519 | D:12     | Noticed a five-headed hydra
 13526 | D:12     | Killed a five-headed hydra
 13896 | D:13     | Noticed Nessos
 13910 | D:13     | Killed Nessos
 14047 | D:13     | Found Zuif's Book Shoppe.
 14465 | D:14     | Found a runed translucent door.
 14468 | D:14     | Noticed a tengu reaver
 14468 | D:14     | Noticed a catoblepas
 14473 | D:14     | Reached skill level 11 in Stealth
 14473 | D:14     | Reached XP level 13. HP: 89/104 MP: 25/25
 14741 | D:14     | Found a gate to the Vaults.
 14741 | D:14     | Noticed a vault guard
 15319 | D:13     | HP: 1/234 [vault guard/+1 great sword of flaming (18)]
 15319 | D:13     | Slain by a vault guard

Illustrated notes

Levels and vault maps discovered:
D:1:      noname_arrival_rooms_in_the_neighbourhood, layout_basic
D:2:      layout_loops_ring, serial_co_window_serial, co_window_paths_b,
          co_window_corner_a, co_window_paths_b, co_window_paths_b,
          co_window_paths_a, co_window_paths_c, co_window_of_opportunity_b,
          co_window_of_opportunity_b, co_window_corner_cb,
          co_window_of_opportunity_c, co_window_2corner, co_window_paths_e,
          co_window_4corner_b, glass_columns_c, glass_columns_b,
          glass_columns_a, glass_columns_b, glass_columns_a,
          minmay_tiny_reverse_x, uniq_natasha
D:3:      layout_loops_cross, serial_shops,
          nicolae_shop_temple_entry_statues_fountains, serial_co_window_serial,
          co_window_paths_a, co_window_corner_a, co_window_paths_b,
          co_window_cross_1, co_window_paths_a, co_window_corner_b,
          co_window_broadway_c, co_window_corner_cb, co_window_4corner_b,
          co_window_paths_e, glass_columns_a, glass_columns_c, glass_columns_c
D:4:      minmay_skewed_foursquare, layout_loops_ring,
          mainiacjoe_overflow_tiny_flanked
D:5:      layout_gridville
D:6:      layout_gridville, mainiacjoe_overflow_paths, minitemple,
          minmay_temple_entry_proselytizer, serial_shops, kennysheep_mini_moat,
          kennysheep_minor_cross, minmay_manual_mail, uniq_duvessa,
          uniq_blork_the_orc
D:7:      layout_loops_ring, nicolae_qazlal_general_emergency, uniq_joseph
D:8:      layout_cave_pools, mainiacjoe_overflow_chevrons, hangedman_incinerator
D:9:      layout_stronghold, erik_orc_1, ebering_ghost_funeral_grove,
          hangedman_tell_no_tales, uniq_pikel
D:10:     layout_gridville, led_sif_book
D:11:     layout_irregular_city, david_lair_generic, serial_shops, shop,
          hangedman_abyss_or_decor_stagger, uniq_nergalle
D:12:     layout_basic
D:13:     layout_roguey, serial_shops, shop, uniq_nessos
D:14:     layout_roguey, david_vaults_5, minmay_st_funbox
Temple:   minmay_temple_curvy_branch

Skill      XL: |  1  2  3  4  5  6  7  8  9 10 11 12 13 |
---------------+----------------------------------------+-----
Invocations    | 1 2 3 4 5 6 7 8 9 |  9.2
Short Blades   | 1 2 3 5 6 7 8 |  8.4
Long Blades    | 1 2 3 5 6 7 8 |  8.4
Maces & Flails | 1 2 3 5 6 7 8 |  8.4
Polearms       | 1 2 3 5 6 7 8 |  8.4
Staves         | 1 2 3 5 6 7 8 |  8.4
Ranged Weapons | 1 2 3 5 6 7 8 |  8.4
Throwing       | 1 2 3 5 6 7 8 |  8.4
Dodging        | 1 2 3 5 6 7 8 |  8.4
Stealth        | 1 2 3 4 6 7 9 11 | 11.4
Unarmed Combat | 1 2 3 5 6 7 8 |  8.4
Spellcasting   | 1 2 3 5 6 7 8 |  8.4
Evocations     | 1 2 3 5 6 7 8 |  8.4
Conjurations   | 1 2 3 4 5 6 7 |  7.0
Hexes          | 1 2 3 4 5 6 7 |  7.0
Summonings     | 1 2 3 4 5 6 7 |  7.0
Necromancy     | 1 2 3 4 5 6 7 |  7.0
Translocations | 1 2 3 4 5 6 7 |  7.0
Transmutations | 1 2 3 4 5 6 7 |  7.0
Fire Magic     | 1 2 3 4 5 6 7 |  7.0
Ice Magic      | 1 2 3 4 5 6 7 |  7.0
Air Magic      | 1 2 3 4 5 6 7 |  7.0
Earth Magic    | 1 2 3 4 5 6 7 |  7.0
Poison Magic   | 1 2 3 4 5 6 7 |  7.0
Axes           | 5 6 7 8 9 |  9.6
Fighting       | 7 8 9 10 | 10.7
Armour         | 7 8 9 10 | 10.7
Shields        | 7 8 9 10 | 10.7

Action                   |  1- 3 |  4- 6 |  7- 9 | 10-12 | 13-15 || total
-------------------------+-------+-------+-------+-------+-------++-------
Melee: War axe           |   100 |   150 |   240 |   203 |       ||   693
       Bite              |     8 |     9 |    30 |    81 |     8 ||   136
       Trident           |       |       |       |   373 |    47 ||   420
Invok: Step From Time    |       |       |       |       |     1 ||     1
       Slouch            |       |       |       |       |     1 ||     1
Evoke: Wand              |       |       |       |     2 |       ||     2
       Condenser vane    |       |       |       |       |     1 ||     1
  Use: Scroll            |       |     4 |    16 |    12 |     4 ||    36
       Potion            |       |       |     1 |     6 |     5 ||    12
 Stab: Sleeping          |       |       |       |    10 |     2 ||    12
       Distracted        |       |       |       |     3 |     1 ||     4
Armor: Scale mail        |    47 |   102 |   143 |   233 |    85 ||   610
       Skin              |       |       |       |       |     3 ||     3
Dodge: Dodged            |    41 |    88 |   116 |   297 |    49 ||   591
Block: Buckler           |    30 |    67 |    92 |   135 |       ||   324
       Kite shield       |       |       |       |    97 |    83 ||   180

Table legend: (Time is in decaauts)
 A = Elapsed time spent in this place.
 B = Non-inter-level travel time spent in this place.
 C = Inter-level travel time spent in this place.
 D = Time resting spent in this place.
 E = Time spent auto-exploring this place.
 F = Levels seen in this place.
 G = Mean time per level.
                   A        B        C        D        E       F      G
               +--------+--------+--------+--------+--------+-----+--------+
         Total |  19020 |  17854 |   1166 |   2519 |  12448 |  15 | 1268.0 |
       Dungeon |  18705 |  17568 |   1137 |   2519 |  12201 |  14 | 1336.1 |
        Temple |    314 |    286 |     28 |      0 |    247 |   1 |  314.0 |
               +--------+--------+--------+--------+--------+-----+--------+

Top non-repeatable levels by time:
     D:9: 2844 daAuts
    D:10: 2135 daAuts
    D:11: 1548 daAuts
    D:12: 1505 daAuts
     D:8: 1371 daAuts
     D:7: 1273 daAuts
     D:6: 1192 daAuts
     D:2: 1147 daAuts
    D:14: 1102 daAuts
     D:4: 1011 daAuts
     D:1: 996 daAuts
    D:13: 955 daAuts
     D:3: 898 daAuts
     D:5: 721 daAuts
  Temple: 314 daAuts
